Unix NetHack Version 5.0.0-0 post-release - last build May 10 2026 23:12:36 (d1fa5d53e341ca933230fdaa984d921c805b60aa,branch:main).

Game began 2026-05-16 02:12:30, ended 2026-05-16 02:28:58.

ArrBianca, lawful female human Valkyrie

 ------------
 |.\......>.|                                      ------
 |...(......|    ###############*##################|....|
 |..........-#####                                #|.<...#
 -.----------                                     #------#
  #                                               #      #
  #####                                           #     ##
      #                                           ###  ##
      #                                             #  #
      ##                                            #  #
       ####                                         #  #
          #                                         #######
        --.--                                       #  #--.------------
        |...|#                                         #|.............|
        |...|@                                         #|.............|
        |...|#                                         #|.............|
        |...|#                                         #|.............|
        |....#                                         #..............|
        -----                                           ---------------

ArrBianca the Skirmisher    St:5 Dx:14 Co:17 In:6 Wi:7 Ch:11  Lawful
Dlvl:7  $:66 HP:0(41) Pw:13(13) AC:5  Xp:5 T:2267 

Latest messages:
 You hit the homunculus!
 The homunculus drinks a cyan potion!
 The homunculus looks much better.
 You hit the homunculus!
 The homunculus bites!
 You hit the homunculus!
 The homunculus bites!
 You are put to sleep by the homunculus!
 The homunculus bites!
 The homunculus bites!
 The homunculus bites!
 The homunculus bites!
 The homunculus bites!
 The homunculus bites!
 The homunculus bites!
 The homunculus bites!
 The homunculus bites!
 You wake up.
 You kill the homunculus!
 You see here a homunculus corpse.
 There is a homunculus corpse here; eat it? [ynq] (n) y
 Ecch - that must have been poisonous!
 You stop eating the homunculus corpse.
 You miss the jackal.
 The jackal bites!
 You miss the jackal.
 The jackal bites!
 You kill the jackal!
 There is a partly eaten homunculus corpse here; eat it? [ynq] (n) y
 You consume the last bite of your meal.
 You finish eating the homunculus corpse.
 You see here a jackal corpse.
 There is a jackal corpse here; eat it? [ynq] (n) y
 This jackal corpse is stringy.
 You finish eating the jackal corpse.
 You stop waiting.
 You miss the giant beetle.
 The giant beetle bites!
 You miss the giant beetle.
 You miss the giant beetle.
 What do you want to zap? [w or ?*] w
 In what direction? j
 What do you want to throw? [$bijs or ?*] b
 In what direction? j
 The dagger hits it.
 It bites!
 You die...
 Do you want an account of creatures vanquished? [ynaq] (y) y
 Do you want to see your conduct and achievements? [ynq] (n) n
 Do you want to see the dungeon overview? [ynq] (y) y

Inventory:
 Coins    ('$')
  $ - 66 gold pieces
 Weapons  (')')
  j - 8 +0 shuriken
  a - a greased +1 spear (weapon in right hand)
  s - a +0 spear
  i - a +0 axe
 Armor    ('[')
  p - an uncursed +0 orcish helm
  l - an uncursed +0 pair of gauntlets of dexterity
  c - an uncursed greased +4 small shield (being worn)
 Comestibles  ('%')
  d - 6 uncursed food rations
  t - 2 uncursed tripe rations
  E - an uncursed tin of broiled floating eye meat
  h - an uncursed tin of stir fried goblin meat
 Scrolls  ('?')
  q - an uncursed scroll of identify
  C - an uncursed scroll of light
 Potions  ('!')
  y - an uncursed potion of gain ability
  f - a blessed potion of healing
  D - an uncursed potion of sickness
  H - a potion of holy water
 Rings    ('=')
  o - an uncursed ring of fire resistance
  r - an uncursed ring of free action
 Wands    ('/')
  w - a wand of make invisible (0:2)
 Tools    ('(')
  x - a can of grease (0:18)
  G - an uncursed leash
  F - a +0 pick-axe

ArrBianca the Valkyrie's attributes:

Background:
 You were a Skirmisher, a level 5 human Valkyrie.
 You were lawful, on a mission for Tyr
 who was opposed by Odin (neutral) and Loki (chaotic).
 You were right-handed.
 You were in the Dungeons of Doom, on level 7.
 You entered the dungeon 2267 turns ago.
 It was nighttime.
 There was a new moon in effect when your adventure ended.
 You had 202 experience points, 118 more were needed to attain level 6.

Basics:
 You had 0 out of 41 hit points.
 You had all 13 energy points (spell power).
 Your armor class was 5.
 Your wallet contained 66 zorkmids.
 Autopickup was on for '$?!/="+%' plus thrown, with exceptions.

Final Characteristics:
 Your strength was 5 (peak:17, limit:18/100).
 Your dexterity was 14 (limit:18).
 Your constitution was 17 (limit:18).
 Your intelligence was 6 (limit:18).
 Your wisdom was 7 (peak:8, limit:18).
 Your charisma was 11 (limit:18).

Final Status:
 You weren't hungry.
 You were unencumbered.
 You were wielding a spear.
 You had basic skill with spear.

Final Attributes:
 You were piously aligned.
 You were cold resistant.
 You were stealthy.
 You are dead.

Miscellaneous:
 You didn't encounter any bones levels.
 Total elapsed playing time was 16 minutes and 28 seconds.

Major events:
 Turn
    1: ArrBianca the lawful human Valkyrie entered the dungeon
  996: attained the rank of Skirmisher (level 3)
 1659: entered Sokoban
 2267: killed by an invisible giant beetle

You didn't know any spells.

Skills:
 Fighting Skills
   bare handed combat [Unskilled]
   two weapon combat  [Unskilled]
   riding             [Unskilled]
 Weapon Skills
   dagger             [Basic]
   axe                [Unskilled]
   pick-axe           [Unskilled]
   short sword        [Unskilled]
   broadsword         [Unskilled]
   long sword         [Unskilled]
   two-handed sword   [Unskilled]
   saber              [Unskilled]
   hammer             [Unskilled]
   quarterstaff       [Unskilled]
   polearms           [Unskilled]
   spear              [Basic]
   trident            [Unskilled]
   lance              [Unskilled]
   sling              [Unskilled]
 Spellcasting Skills
   attack spells      [Unskilled]
   escape spells      [Unskilled]

Voluntary challenges:
 Character rerolling was not enabled.
 You never had a pet.
 You never genocided any monsters.
 You never polymorphed an object.
 You never changed form.
 You used no wishes.
 You did not violate any of the special Sokoban rules.
Achievements:
 You attained the rank of Skirmisher.
 You entered Sokoban.

 The Dungeons of Doom: levels 1 to 7
    Level 1:
       A fountain.
    Level 2:
    Level 3:
    Level 4:
    Level 5:
    Level 6:
       An altar, a fountain.
       Stairs up to Sokoban, level 5.
    Level 7: <- You were here.
       A throne.
       Final resting place for
          you, killed by an invisible giant beetle.
 Sokoban:
    Level 5:
       Unsolved.


Vanquished creatures:
  a blue jelly
  a rock piercer
  a yellow light
  a shrieker
  a violet fungus
  a gnomish wizard
  a kitten
  2 homunculi
  a centipede
  a dwarf zombie
 an iguana
  a coyote
  2 giant rats
  a yellow mold
  a gecko
  2 jackals
  2 foxes
  2 kobolds
  2 goblins
  2 grid bugs
  a lichen
  2 kobold zombies
  3 newts
33 creatures vanquished.

No species were genocided or became extinct.

Game over:
                       ----------
                      /          \
                     /    REST    \
                    /      IN      \
                   /     PEACE      \
                  /                  \
                  |    ArrBianca     |
                  |      66 Au       |
                  |   killed by an   |
                  | invisible giant  |
                  |      beetle      |
                  |                  |
                  |       2026       |
                 *|     *  *  *      | *
        _________)/\\_//(\/(/\)/\//\/|_)_______

Farvel ArrBianca the Valkyrie...

You died in The Dungeons of Doom on dungeon level 7 with 1188 points,
and 66 pieces of gold, after 2267 moves.
You were level 5 with a maximum of 41 hit points when you died.

